 Dungeon Crawl Stone Soup version 0.21-a0-42-gb537e02 (webtiles) character file.

203484 Klosterheim the Metallomancer (level 19, -20/115 HPs)
             Began as a Gargoyle Earth Elementalist on June 5, 2017.
             Was the Champion of Vehumet.
             Demolished by a white ugly thing (31 damage)
             ... on level 15 of the Dungeon.
             The game lasted 02:44:07 (56097 turns).

Klosterheim the Metallomancer (GrEE)               Turns: 56097, Time: 02:44:08

Health: -20/115    AC: 21    Str: 17    XL:     19   Next: 5%
Magic:  19/46      EV: 18    Int: 28    God:    Vehumet [******]
Gold:   1059       SH:  6    Dex: 18    Spells: 4/46 levels left

rFire    . . .     SeeInvis .   L - +0 morningstar (elec)
rCold    . . .     Gourm    +   G - +0 buckler
rNeg     + + .     Faith    .   A - +1 robe of Gallantry {*Drain rPois Int+2 Dex+8}
rPois    ∞         Spirit   .   B - +0 helmet
rElec    +         Reflect  .   F - scarf {cloud immunity}
rCorr    .         Harm     .   E - +0 pair of gloves
MR       +....                  I - +2 pair of boots
Stlth    ++++++....             a - amulet of Dusas {Gourm Str+3}
Regen    0.3/turn               f - ring "Somnoj" {rElec rN+ Int+4 Stlth+}
MPRegen  0.3/turn               u - ring of magical power

@: flying
A: big wings, negative energy resistance 1, electricity resistance, unbreathing,
petrification resistance, rot immunity, AC +13
a: Stop Flying, Renounce Religion


You were on level 15 of the Dungeon.
You worshipped Vehumet.
Vehumet was exalted by your worship.
You were completely stuffed.

You visited 7 branches of the dungeon, and saw 31 of its levels.

You collected 2893 gold pieces.
You spent 1834 gold pieces at shops.

Inventory:

Hand Weapons
 L - a +0 morningstar of electrocution (weapon)
Missiles
 b - 451 stones (quivered)
Armour
 A - the +1 robe of Gallantry (worn) {*Drain rPois Int+2 Dex+8}
   (You took it off an orc on level 9 of the Dungeon)

   It affects your intelligence (+2).
   It affects your dexterity (+8).
   It protects you from poison.
   It causes draining when unequipped.
 B - a +0 helmet (worn)
 E - a +0 pair of gloves (worn)
 F - a scarf of cloud immunity (worn)
 G - a +0 buckler (worn)
 I - a +2 pair of boots (worn)
Jewellery
 a - the amulet of Dusas (around neck) {Gourm Str+3}
   (You bought it in a shop on level 2 of the Orcish Mines)

   [amulet of the gourmand]

   It allows you to eat raw meat even when not hungry.
   It affects your strength (+3).
 f - the ring "Somnoj" (left hand) {rElec rN+ Int+4 Stlth+}
   (You found it on level 1 of the Shoals)

   [ring of positive energy]

   It affects your intelligence (+4).
   It insulates you from electricity.
   It protects you from negative energy.
   It makes you more stealthy.
 j - the amulet of Xuhooz {RegenMP Str+6}
   (You found it on level 5 of the Lair of Beasts)

   [amulet of magic regeneration]

   It increases your magic regeneration.
   It affects your strength (+6).
 u - a ring of magical power (right hand)
 Q - an uncursed ring of protection from cold
Wands
 e - a wand of digging (19/24)
 w - a wand of acid (6/15)
 P - a wand of enslavement (3/24)
Scrolls
 c - a scroll of fog
 g - 2 scrolls of blinking
 h - 5 scrolls of enchant armour
 i - a scroll of identify
 x - 11 scrolls of teleportation
 y - 6 scrolls of remove curse
 D - 2 scrolls of enchant weapon
 T - 4 scrolls of recharging
 X - 4 scrolls of fear
 Z - a scroll of magic mapping
Potions
 l - 5 potions of heal wounds
 m - 3 potions of invisibility
 o - 5 potions of brilliance
 q - 5 potions of haste
 s - 3 potions of agility
 v - 6 potions of curing
 z - 6 potions of mutation
 M - a potion of cancellation
 N - 4 potions of resistance
Miscellaneous
 k - a lamp of fire
 H - a sack of spiders
 R - a lightning rod (4/4)
Comestibles
 d - 5 bread rations
 n - 17 royal jellies
 p - 14 meat rations
 r - 4 chunks of flesh


   Skills:
 - Level 11.5 Fighting
 * Level 8.0 Dodging
 - Level 10.0 Stealth
 * Level 7.4 Shields
 - Level 14.2 Spellcasting
 - Level 14.1 Conjurations
 - Level 2.0 Translocations
 - Level 0.7 Transmutations
 - Level 23.0 Earth Magic


You had 4 spell levels left.
You knew the following spells:

 Your Spells              Type           Power        Failure   Level  Hunger
a - Stone Arrow           Conj/Erth      ######       0%          3    None
b - Iron Shot             Conj/Erth      #######...   1%          6    ####...
c - Lehudib's Crystal Sp  Conj/Erth      #######...   2%          8    #######
d - Passwall              Tmut/Erth      ######....   1%          2    None
e - Blink                 Tloc           N/A          1%          2    None
f - Petrify               Tmut/Erth      ######..     1%          4    None
g - Shatter               Erth           #######...   4%          9    #######
h - Sandblast             Erth           ######       0%          1    None
i - Swiftness             Chrm/Air       ###.....     4%          2    None
j - Lee's Rapid Deconstr  Erth           #######...   0%          5    #......


Dungeon Overview and Level Annotations

Branches:
Dungeon (15/15)            Temple (1/1) D:4            Lair (6/6) D:10
 Shoals (2/4) Lair:4       Spider (4/4) Lair:2        Slime (0/5) Lair:5
    Orc (2/2) D:10            Elf (0/3) Orc:2        Vaults (0/5) D:14
 Depths (1/5) D:15

Altars:
Ashenzari
Cheibriados
Dithmenos
Elyvilon
Gozag
Kikubaaqudgha
Nemelex Xobeh
Okawaru
Qazlal
Ru
Sif Muna
Trog
Uskayaw
Vehumet
Wu Jian
Xom
Zin
The Shining One
Beogh

Shops:
D:5 }   D:9 *   D:11 [   D:13 }   Orc:2 *?:?!!%=   Shoals:1 :


Innate Abilities, Weirdness & Mutations

You are resistant to torment.
Your stone body is resilient. (AC +13)
You are immune to poison.
Your large and strong wings let you fly indefinitely.
You resist negative energy. (rN+)
You are resistant to electric shocks. (rElec)
You can survive without breathing.
You are immune to petrification.
You are immune to rotting.


Message History

Your Dodging skill increases to level 8!
An orc warrior and an orc priest come into view.
The orc no longer looks unusually strong.
A white ugly thing comes into view.
The white ugly thing moves out of view.
A white ugly thing comes into view.
A white ugly thing comes into view.
The white ugly thing gurgles horribly!
The white ugly thing basks in the mutagenic energy from its kin and changes!
The white ugly thing gurgles horribly!
The brown ugly thing basks in the mutagenic energy from its kin and changes!
The white ugly thing basks in the mutagenic energy from its kin and changes!
The white ugly thing closely misses you.
You barely miss the white ugly thing. The white ugly thing trunk-slaps you!
The white ugly thing freezes you!!
* * * LOW HITPOINT WARNING * * *
The white ugly thing trunk-slaps you!
* * * LOW HITPOINT WARNING * * *
The white ugly thing freezes you!!
You die...

..# #..........#......#..#... ..#
#..........########..#... ..#
#....................#... ..#
#....#######.........####
..#######....'.....#)............
.............#.....#.............
.............#.....'.............
.............#######....)........
............u.uu@................
.......##########################
.....### # .....# ######


You could see 3 ugly things.

Vanquished Creatures
  Arachne (Spider:3)
  An acid blob (Lair:5)
  Donald (Spider:4)
  Roxanne (Spider:1)
  2 frost giants
  7 emperor scorpions
  An orc warlord (D:10)
  5 entropy weavers
  A stone giant (Depths:1)
  5 very ugly things
  Nessos (Lair:5)
  3 spark wasps
  5 ettins
  A rakshasa (Depths:1)
  2 ogre magi (D:15)
  A great orb of eyes (Depths:1)
  A yaktaur captain (Depths:1)
  9 hydras
  Erolcha (Orc:1)
  5 centaur warriors
  A catoblepas (Depths:1)
  22 death yaks
  A merfolk aquamancer (Shoals:1)
  A queen ant (Lair:6)
  Urug (Orc:1)
  8 two-headed ogres
  4 orc high priests (Orc:2)
  Nergalle (Lair:3)
  6 skeletal warriors
  2 sea snakes (Shoals:1)
  2 unseen horrors
  A wolf spider zombie (D:15)
  A harpy (Shoals:1)
  A necromancer (D:14)
  A lindwurm (Lair:6)
  24 orb spiders
  7 orc sorcerers
  3 oklob plants (Lair:5)
  4 manticores
  2 deep elf magi
  6 orc knights
  10 ugly things
  49 wolf spiders
  2 cyclopes (D:11)
  5 fauns
  3 moths of wrath
  6 merfolk sirens
  A salamander (shapeshifter) (Depths:1)
  7 elephants
  A black mamba (Lair:5)
  3 gargoyles
  20 spiny frogs
  3 rime drakes
  12 komodo dragons
  2 yaktaurs (Depths:1)
  14 demonic crawlers
  2 kobold demonologists (D:14)
  2 ice devils (Lair:3)
  53 jumping spiders
  A merfolk (Shoals:2)
  A polar bear (Lair:6)
  11 trolls
  14 hornets
  Grinder (D:3)
  Prince Ribbit (Lair:2)
  9 hippogriffs
  A wind drake (Shoals:1)
  A slime creature (D:15)
  11 blink frogs
  19 dream sheep
  4 snapping turtles (Shoals:1)
  Sigmund (D:6)
  2 vampires
  14 spriggans (Lair:6)
  A shadow (D:15)
  34 tarantellas
  2 wyverns
  55 redbacks
  5 water elementals
  4 wraiths
  43 yaks
  4 basilisks
  2 vampire mosquitoes (D:13)
  2 hungry ghosts
  2 steam dragons
  A warg (Orc:2)
  21 soldier ants
  9 porcupines
  30 water moccasins
  6 black bears
  A swamp drake (Lair:5)
  7 ice beasts
  7 sky beasts
  33 orc warriors
  6 phantoms
  13 ogres
  3 boggarts (Lair:6)
  40 wolves
  7 centaurs
  16 crocodiles
  4 big kobolds
  23 bullfrogs
  A wyvern skeleton (D:10)
  3 scorpions
  7 killer bees
  The ghost of Borgoz the Sneak, a weakling DsAs (D:3)
  20 wights
  An electric eel (D:12)
  A howler monkey (D:9)
  2 bullfrog zombies (D:10)
  7 crimson imps
  4 centaur zombies
  6 hounds
  2 quasits
  24 orc priests
  2 jellies
  3 bullfrog skeletons
  3 centaur skeletons
  Crazy Yiuf (D:4)
  29 orc wizards
  Jessica (D:3)
  6 iguanas
  21 worker ants
  A hound skeleton (D:10)
  A worker ant zombie (D:6)
  23 adders
  15 gnolls
  4 shadow imps
  An adder zombie (D:6)
  3 adder skeletons
  3 worms
  3 dart slugs
  6 leopard geckos
  95 orcs
  2 ball pythons
  6 bats
  5 giant cockroaches
  11 goblins
  13 hobgoblins
  11 jackals
  19 kobolds
  3 quokkas
  4 frilled lizards
  A jackal skeleton (D:5)
  2 leopard gecko zombies (D:5)
  2 quokka skeletons
  10 rats
  2 fungi (Lair:5)
1211 creatures vanquished.

Vanquished Creatures (collateral kills)
  An adder (D:9)
1 creature vanquished.

Vanquished Creatures (others)
  A jumping spider (Spider:2)
  A tarantella (Spider:2)
  A redback (Spider:2)
  A sky beast (D:15)
  A wight (D:11)
  A bush (Lair:5)
  48 fungi
  21 plants
75 creatures vanquished.

Grand Total: 1287 creatures vanquished

Notes
Turn   | Place    | Note
-------+----------+-------------------------------------------
     0 | D:1      | Klosterheim the Gargoyle Earth Elementalist began the quest for the Orb.
     0 | D:1      | Reached XP level 1. HP: 10/10 MP: 3/3
   207 | D:1      | Reached XP level 2. HP: 9/15 MP: 3/5
   212 | D:1      | Reached skill level 4 in Earth Magic
   874 | D:1      | Reached XP level 3. HP: 19/19 MP: 4/6
  1601 | D:2      | Found a shattered altar of Ashenzari.
  1669 | D:2      | Reached skill level 5 in Earth Magic
  1669 | D:2      | Reached XP level 4. HP: 11/24 MP: 1/8
  2614 | D:2      | Learned a level 3 spell: Stone Arrow
  3010 | D:3      | Noticed Jessica
  3011 | D:3      | Killed Jessica
  3011 | D:3      | Reached XP level 5. HP: 28/28 MP: 7/9
  3072 | D:3      | Noticed Borgoz's ghost (weakling DsAs)
  3075 | D:3      | Noticed Grinder
  3081 | D:3      | Killed Borgoz's ghost
  3081 | D:3      | Reached skill level 6 in Earth Magic
  3084 | D:3      | Paralysed by Grinder for 6 turns
  3104 | D:3      | Killed Grinder
  3104 | D:3      | Reached skill level 7 in Earth Magic
  3104 | D:3      | Reached XP level 6. HP: 29/32 MP: 1/11
  3712 | D:3      | Reached XP level 7. HP: 36/36 MP: 8/13
  3973 | D:4      | Reached skill level 8 in Earth Magic
  4104 | D:4      | Found a sacrificial altar of Ru.
  4182 | D:4      | Found a bloodstained altar of Trog.
  4307 | D:4      | Found a white marble altar of Elyvilon.
  4307 | D:4      | Found an ancient bone altar of Kikubaaqudgha.
  4473 | D:4      | Found a staircase to the Ecumenical Temple.
  4482 | Temple   | Entered the Ecumenical Temple
  4545 | Temple   | Became a worshipper of Vehumet
  4637 | D:4      | Found a runed door.
  5046 | D:4      | Noticed Crazy Yiuf
  5049 | D:4      | Killed Crazy Yiuf
  5049 | D:4      | Reached skill level 9 in Earth Magic
  5120 | D:5      | Entered Level 5 of the Dungeon
  5127 | D:5      | Learned a level 5 spell: Lee's Rapid Deconstruction
  5137 | D:5      | Found a snail-covered altar of Cheibriados.
  5250 | D:5      | Reached XP level 8. HP: 41/41 MP: 13/15
  5406 | D:5      | Found a shadowy altar of Dithmenos.
  5414 | D:5      | Reached skill level 5 in Spellcasting
  5558 | D:5      | Reached skill level 10 in Earth Magic
  5755 | D:5      | Found Iferoul's Gadget Shoppe.
  6257 | D:6      | Reached * piety under Vehumet
  6257 | D:6      | Offered knowledge of Magic Dart by Vehumet.
  6456 | D:6      | Reached skill level 11 in Earth Magic
  6578 | D:6      | Learned a level 2 spell: Passwall
  6665 | D:6      | Reached XP level 9. HP: 34/45 MP: 5/18
  6831 | D:6      | Noticed Sigmund
  6837 | D:6      | Killed Sigmund
  7040 | D:6      | Reached skill level 12 in Earth Magic
  7421 | D:7      | Noticed a two-headed ogre
  7446 | D:7      | Killed a two-headed ogre
  7562 | D:7      | Learned a level 2 spell: Blink
  7614 | D:7      | Reached skill level 13 in Earth Magic
  7837 | D:7      | Reached skill level 1 in Translocations
  7964 | D:7      | Noticed a hornet
  7982 | D:7      | Killed a hornet
  7982 | D:7      | Reached XP level 10. HP: 39/50 MP: 11/21
  8537 | D:8      | Reached ** piety under Vehumet
  8565 | D:8      | Offered knowledge of Shock by Vehumet.
  9674 | D:8      | Reached skill level 14 in Earth Magic
  9759 | D:9      | Found Jifips's Assorted Antiques.
  9763 | D:9      | Found a hide-covered altar of Uskayaw.
  9771 | D:9      | Reached skill level 1 in Shields
  9777 | D:9      | Offered knowledge of Searing Ray by Vehumet.
  9844 | D:9      | Bought a crude bone ring for 115 gold pieces
  9844 | D:9      | Bought a copper wand for 92 gold pieces
  9844 | D:9      | Bought a golden ring for 115 gold pieces
  9844 | D:9      | Identified the ring "Hyet Ol Roc" {+Blink rElec rPois rN+} (You bought it in a shop on level 9 of the Dungeon)
  9876 | D:9      | Found an iron altar of Okawaru.
  9902 | D:9      | Found a glowing silver altar of Zin.
 10588 | D:9      | Reached *** piety under Vehumet
 11057 | D:10     | Entered Level 10 of the Dungeon
 11221 | D:10     | Killed an unseen horror
 11559 | D:10     | Offered knowledge of Airstrike by Vehumet.
 11561 | D:10     | Reached skill level 5 in Dodging
 11577 | D:10     | Found a roughly hewn altar of Beogh.
 11577 | D:10     | Found a staircase to the Orcish Mines.
 11581 | D:10     | Reached XP level 11. HP: 54/54 MP: 10/23
 12225 | D:10     | Reached **** piety under Vehumet
 12389 | D:10     | Offered knowledge of Ignite Poison by Vehumet.
 12626 | D:9      | Got a dull robe
 12637 | D:9      | Identified the cursed +1 robe of Gallantry {*Drain rPois Int+2 Dex+8} (You took it off an orc on level 9 of the Dungeon)
 13212 | D:10     | Reached skill level 1 in Fighting
 13338 | D:10     | Found an opulent altar of Gozag.
 13500 | D:10     | Found a staircase to the Lair.
 13779 | Lair:1   | Entered Level 1 of the Lair of Beasts
 14092 | Lair:1   | Noticed a five-headed hydra
 14101 | Lair:1   | Killed a five-headed hydra
 14186 | Lair:1   | Reached skill level 5 in Fighting
 15445 | Lair:2   | Noticed Prince Ribbit
 15453 | Lair:2   | Killed Prince Ribbit
 15552 | Lair:2   | Reached XP level 12. HP: 75/75 MP: 24/24
 15585 | Lair:2   | Found a hole to the Spider Nest.
 15900 | Lair:2   | Reached skill level 10 in Fighting
 16476 | Lair:3   | Noticed an eight-headed hydra
 16491 | Lair:3   | Noticed Nergalle
 16904 | Lair:2   | Reached ***** piety under Vehumet
 17100 | Lair:3   | Killed Nergalle
 17100 | Lair:3   | Offered knowledge of Bolt of Draining by Vehumet.
 17151 | Lair:3   | Noticed a six-headed hydra
 17157 | Lair:3   | Killed a six-headed hydra
 18229 | Lair:4   | Found a staircase to the Shoals.
 18317 | Lair:4   | Noticed a death yak
 18339 | Lair:4   | Killed a death yak
 18339 | Lair:4   | Reached skill level 15 in Earth Magic
 18442 | Lair:4   | Noticed a death yak
 18465 | Lair:4   | Noticed a death yak
 18467 | Lair:4   | Noticed a death yak
 18468 | Lair:4   | Killed a death yak
 18468 | Lair:4   | Reached XP level 13. HP: 71/84 MP: 2/25
 19619 | Lair:4   | Reached skill level 16 in Earth Magic
 19847 | Lair:4   | Learned a level 4 spell: Petrify
 20745 | Lair:5   | Noticed Nessos
 21367 | Lair:5   | Learned a level 9 spell: Shatter
 21460 | Lair:5   | Killed Nessos
 21460 | Lair:5   | Reached skill level 10 in Spellcasting
 21460 | Lair:5   | Reached skill level 17 in Earth Magic
 21460 | Lair:5   | Found a staircase to the Slime Pits.
 21605 | Lair:4   | Offered knowledge of Orb of Destruction by Vehumet.
 22398 | Lair:4   | Gained mutation: Your large and strong wings let you fly indefinitely. [Gargoyle growth]
 22398 | Lair:4   | Reached XP level 14. HP: 80/90 MP: 21/28
 22722 | Lair:4   | Reached skill level 18 in Earth Magic
 23190 | Lair:4   | Learned a level 7 spell: Orb of Destruction
 23966 | Lair:5   | Reached skill level 1 in Conjurations
 24674 | Lair:5   | Got a coiled iron amulet
 25145 | Lair:6   | Entered Level 6 of the Lair of Beasts
 25758 | Lair:6   | Reached skill level 5 in Conjurations
 26007 | Lair:6   | Noticed an entropy weaver
 26127 | Lair:6   | Noticed an entropy weaver
 26594 | Lair:6   | Offered knowledge of Bolt of Cold by Vehumet.
 27154 | Lair:6   | Killed an entropy weaver
 27173 | Lair:6   | Reached XP level 15. HP: 46/95 MP: 4/30
 27891 | Lair:6   | Reached skill level 5 in Stealth
 28112 | Lair:6   | Reached skill level 10 in Conjurations
 29361 | Lair:6   | Identified the amulet of Xuhooz {RegenMP Str+6} (You found it on level 5 of the Lair of Beasts)
 29391 | Lair:6   | Offered knowledge of Iron Shot by Vehumet.
 29406 | Lair:6   | Learned a level 6 spell: Iron Shot
 29647 | Lair:5   | Noticed an acid blob
 29650 | Lair:5   | Killed an acid blob
 29904 | Orc:1    | Entered Level 1 of the Orcish Mines
 29904 | Orc:1    | Noticed an orc warlord
 29933 | D:10     | Killed an orc warlord
 30420 | Orc:1    | Noticed Erolcha
 30450 | Orc:1    | Killed Erolcha
 30591 | Orc:1    | Noticed Urug
 30850 | Orc:1    | Killed Urug
 31111 | Orc:2    | Entered Level 2 of the Orcish Mines
 31374 | Orc:2    | Found Ovvy's Jewellery Emporium.
 31619 | Orc:2    | Found Buwim's Food Emporium.
 31803 | Orc:2    | Reached skill level 19 in Earth Magic
 31912 | Orc:2    | Found a staircase to the Elven Halls.
 32058 | Orc:2    | Found Pumyillo's Magic Scroll Shoppe.
 32229 | Orc:2    | Bought a scroll of blinking for 105 gold pieces
 32229 | Orc:2    | Bought a scroll of teleportation for 42 gold pieces
 32229 | Orc:2    | Bought a scroll of identify for 28 gold pieces
 32229 | Orc:2    | Bought a scroll of blinking for 105 gold pieces
 32248 | Orc:2    | Found Rocs's Assorted Antiques.
 32256 | Orc:2    | Bought a heavily runed lead amulet for 115 gold pieces
 32256 | Orc:2    | Bought a scroll of fear for 80 gold pieces
 32256 | Orc:2    | Identified the amulet of Dusas {Gourm Str+3} (You bought it in a shop on level 2 of the Orcish Mines)
 32456 | Orc:2    | Offered knowledge of Bolt of Fire by Vehumet.
 32485 | Orc:2    | Paralysed by an orc sorcerer for 5 turns
 32492 | Orc:2    | Paralysed by an orc sorcerer for 2 turns
 33113 | Orc:2    | Found Jikag's Distillery.
 33121 | Orc:2    | Reached XP level 16. HP: 92/100 MP: 12/31
 33281 | Orc:2    | Found Ufanero's Magic Scroll Boutique.
 33288 | Orc:2    | Bought a scroll of teleportation for 30 gold pieces
 33288 | Orc:2    | Bought a scroll of teleportation for 30 gold pieces
 33288 | Orc:2    | Bought a scroll of fear for 35 gold pieces
 33290 | Orc:2    | Bought a potion of brilliance for 48 gold pieces
 33290 | Orc:2    | Bought a potion of resistance for 120 gold pieces
 33290 | Orc:2    | Bought a potion of brilliance for 48 gold pieces
 33290 | Orc:2    | Bought a potion of curing for 36 gold pieces
 33290 | Orc:2    | Bought a potion of heal wounds for 60 gold pieces
 33380 | Orc:2    | Found Fesejaor's Book Boutique.
 33382 | Orc:2    | Found Usavawk's Distillery.
 33394 | Orc:2    | Bought 2 potions of invisibility for 192 gold pieces
 33394 | Orc:2    | Bought a potion of heal wounds for 60 gold pieces
 33394 | Orc:2    | Bought 2 potions of heal wounds for 120 gold pieces
 33394 | Orc:2    | Bought a potion of haste for 120 gold pieces
 34284 | D:11     | Found Fyddelirph's Armour Shoppe.
 34296 | D:11     | Bought a +0 helmet for 54 gold pieces
 34296 | D:11     | Bought a scarf of cloud immunity for 84 gold pieces
 34505 | D:11     | Offered knowledge of Conjure Ball Lightning by Vehumet.
 35533 | D:13     | Found Hiclaopn's Gadget Boutique.
 36863 | D:14     | Got a sheer robe
 36864 | D:14     | Identified the +0 robe of Ralies {rC++ rCorr} (You found it on level 14 of the Dungeon)
 37373 | D:14     | Found a gate to the Vaults.
 37481 | D:15     | Entered Level 15 of the Dungeon
 37528 | D:15     | Paralysed by an orc sorcerer for 4 turns
 38321 | D:15     | Reached skill level 20 in Earth Magic
 38986 | D:15     | Found a staircase to the Depths.
 39775 | Spider:1 | Entered Level 1 of the Spider Nest
 39874 | Spider:1 | Noticed Roxanne
 39953 | Spider:1 | Killed Roxanne
 39956 | Spider:1 | Identified Roxanne's Guide on Earth (You took it off Roxanne on level 1 of the Spider Nest)
 40237 | Spider:1 | Reached ****** piety under Vehumet
 41115 | Spider:1 | Offered knowledge of Poison Arrow by Vehumet.
 41115 | Spider:1 | Reached XP level 17. HP: 104/104 MP: 32/33
 41246 | Spider:1 | Learned a level 2 spell: Swiftness
 44854 | Spider:2 | Reached skill level 21 in Earth Magic
 46137 | Spider:2 | Got a fine silver amulet
 46502 | Spider:3 | Reached skill level 10 in Stealth
 48060 | Spider:3 | Reached XP level 18. HP: 39/110 MP: 35/35
 48594 | Spider:3 | Identified the amulet of Non Gir {Inacc +Fly} (You found it on level 2 of the Spider Nest)
 49233 | Spider:3 | Offered knowledge of Lehudib's Crystal Spear by Vehumet.
 49233 | Spider:3 | Offered knowledge of Fire Storm by Vehumet.
 49233 | Spider:3 | Offered knowledge of Chain Lightning by Vehumet.
 49243 | Spider:3 | Learned a level 8 spell: Lehudib's Crystal Spear
 49749 | Spider:4 | Entered Level 4 of the Spider Nest
 49750 | Spider:4 | Reached skill level 22 in Earth Magic
 50014 | Spider:4 | Noticed Donald
 50017 | Spider:4 | Killed Donald
 50319 | Spider:4 | Noticed Arachne
 50328 | Spider:3 | Killed Arachne
 52203 | Shoals:1 | Entered Level 1 of the Shoals
 53067 | Shoals:1 | Got a pitted gossamer ring
 53130 | Shoals:1 | Identified the ring "Somnoj" {rElec rN+ Int+4 Stlth+} (You found it on level 1 of the Shoals)
 53367 | Shoals:1 | Found Monkey's Book Boutique.
 54137 | Depths:1 | Entered Level 1 of the Depths
 54151 | Depths:1 | Reached skill level 5 in Shields
 54593 | D:15     | Reached skill level 23 in Earth Magic
 55926 | Depths:1 | Reached XP level 19. HP: 115/115 MP: 37/37
 56097 | D:15     | Demolished by a white ugly thing

Vault maps used:
D:1:      dpeg_arrival_lava_altar, supply_closet_lemuel, minivault_4,
          minmay_hexomino_c4
D:2:      overflow_temple_1_default, first_bread
D:3:      uniq_grinder, uniq_jessica
D:4:      nicolae_overflow_crystal_walls, gammafunk_temple_overflow_elements,
          minmay_temple_entry_statues_pillars, nicolae_ru_sacrificial_ziggurat,
          uniq_crazy_yiuf_cottage
D:5:      grunt_dithmenos_smoke_and_mirrors, kennysheep_slug_shrine,
          serial_shops, shop, serial_bayou_lake_a
D:6:      hangedman_decor_peaks_small, uniq_sigmund
D:7:      grunt_ogre_cave
D:9:      kennysheep_little_box, okawaru_gym_becter,
          eat_drink_and_be_merry_uskayaw, serial_shops, shop
D:10:     lair_entry_dummy, david_orc_5, basic_altar, roderic_roman_lattice
D:11:     serial_shops, nicolae_shop_trees
D:12:     minivault_14, kennysheep_generic_room_5
D:13:     serial_shops, nicolae_shop_statue_plus, grunt_decor_cap, st_stairs_12
D:14:     david_vaults_1, columned_hall_lemuel
D:15:     hangedman_depths_entry_civil_slaughter
Temple:   oiseaux_autumnal_temple
Lair:1:   grunt_megastairs_4, lemuel_fruit_tree
Lair:2:   spider_nest_entry_webs, small_statue_intersection, uniq_prince_ribbit2
Lair:3:   portal_ice_cave_demonic_guard, lemuel_fruit_fields, uniq_nergalle
Lair:4:   minmay_shoals_entry_beasts, nicolae_quartered_pool_little
Lair:5:   lemuel_reptile_caves, minmay_slime_entry_oklob_open,
          lab_entry_generic, uniq_nessos
Lair:6:   minmay_lair_end_enchanted_forest, zaba_antful_of_joy
Shoals:1: cheibrodos_shoals_baths, serial_shops, nicolae_shop_trees
Shoals:2: hangedman_shoal_volcano, uniq_frances
Spider:1: uniq_roxanne
Spider:4: guppyfry_spider_rune, nicolae_spider_circle_web, uniq_nikola,
          uniq_arachne, uniq_donald
Orc:1:    uniq_erolcha, uniq_urug
Orc:2:    st_orc_elflike, serial_shops, shop_scrolls, shop, shop, shop_statue
Depths:1: enter_ziggurat_e, minmay_misc_feat_encased, hell_entry,
          guppyfry_shop_earth

Skill      XL: |  1  2  3  4  5  6  7  8  9 10 11 12 13 14 15 16 17 18 19 |
---------------+----------------------------------------------------------+-----
Earth Magic    | 4 5 7 9 11 13 14 15 17 18 19 20 21 23 | 23.0
Spellcasting   | 3 4 6 7 8 10 11 12 13 14 | 14.2
Translocations | 1 2 |  2.0
Shields        | 4 7 |  7.4
Dodging        | 5 7 8 |  8.0
Fighting       | 8 11 | 11.5
Conjurations   | 8 11 14 | 14.1
Stealth        | 4 7 10 | 10.0
Transmutations | |  0.7

Action                   |  1- 3 |  4- 6 |  7- 9 | 10-12 | 13-15 | 16-18 | 19-21 || total
-------------------------+-------+-------+-------+-------+-------+-------+-------++-------
Melee: Club              |   140 |    91 |     9 |       |       |       |       ||   240
       Unarmed           |     7 |       |       |       |       |       |       ||     7
       Mace              |       |       |    44 |       |       |       |       ||    44
       Flail             |       |       |    99 |    35 |       |       |       ||   134
       Morningstar       |       |       |       |   210 |   469 |    79 |     3 ||   761
 Cast: Sandblast         |    16 |    32 |    89 |   297 |    44 |       |       ||   478
       Stone Arrow       |       |     4 |    34 |   178 |   911 |  1262 |    14 ||  2403
       Passwall          |       |       |     1 |     1 |    12 |     3 |       ||    17
       Lee's Rapid Decon |       |       |       |     7 |     9 |     4 |       ||    20
       Blink             |       |       |       |       |     6 |     7 |       ||    13
       Shatter           |       |       |       |       |     1 |     7 |       ||     8
       Iron Shot         |       |       |       |       |    39 |   139 |     2 ||   180
       Petrify           |       |       |       |       |     2 |     4 |       ||     6
       Lehudib's Crystal |       |       |       |       |       |    13 |     5 ||    18
 Abil: Fly               |       |       |       |       |     1 |       |       ||     1
Evoke: Wand              |       |       |       |       |     6 |       |       ||     6
  Use: Scroll            |       |     9 |     5 |    15 |    13 |    13 |       ||    55
       Potion            |       |     1 |     1 |     3 |     4 |     7 |       ||    16
 Stab: Sleeping          |       |       |     2 |     1 |       |       |       ||     3
       Petrified         |       |       |       |       |     1 |       |       ||     1
       Distracted        |       |       |       |       |       |     1 |       ||     1
  Eat: Chunk             |     3 |     7 |    11 |    30 |    44 |    54 |     3 ||   152
       Fruit             |       |       |     1 |     3 |    20 |    11 |       ||    35
       Meat ration       |       |       |     1 |       |       |     2 |       ||     3
       Bread ration      |       |       |       |       |       |    11 |       ||    11
Armor: Robe              |    67 |    44 |    84 |   205 |   390 |   658 |     4 ||  1452
Dodge: Dodged            |   113 |    62 |   117 |   393 |   932 |  1231 |     2 ||  2850
Block: Buckler           |       |       |       |   118 |   325 |   325 |       ||   768
